 Dungeon Crawl Stone Soup version 0.28-a0-984-g3775c662fe (webtiles) character file.

Game seed: 6860552508033002946

366941 bearlyready the Phalangite (level 22, -1/182 HPs)
             Began as a Merfolk Fighter on Dec 3, 2021.
             Was an Initiate of Gozag.
             Slain by a peacekeeper (15 damage)
             ... on level 4 of the Vaults.
             The game lasted 01:29:11 (46016 turns).

bearlyready the Phalangite (Merfolk Fighter)       Turns: 46016, Time: 01:29:12

Health: -1/182     AC: 38    Str: 24    XL:     22   Next: 57%
Magic:  22/22      EV: 13    Int:  9    God:    Gozag
Gold:   17046      SH: 15    Dex: 17    Spells: 21/21 levels left

rFire   + . .      SeeInvis .   u - +8 trident of the Octopus King {venom, rElec rPois Will+}
rCold   + + .      Faith    .   V - +1 kite shield {rC+}
rNeg    + + .      Spirit   .   r - +9 scales of the Dragon King {rPois rF+ rC+ Will+}
rPois   +          Reflect  .   T - +1 helmet of Virtue {Harm rCorr Int+2}
rElec   +          Harm     +   N - +2 cloak {Will+}
rCorr   +          Rampage  .   e - +2 pair of gloves
Will    ++++.                   p - +0 pair of boots
Stlth   ..........              S - amulet "Quowig Seme" {+Inv rN++ Regen+ Slay+2 Stlth-}
HPRegen 1.20/turn               k - +4 ring of slaying
MPRegen 0.18/turn               D - +4 ring of slaying

@: gold aura, studying Translocations
A: (nimble swimmer 2), mertail
}: 2/15 runes: decaying, gossamer
a: Renounce Religion, Evoke Invisibility, Potion Petition, Call Merchant, Bribe
Branch


You were on level 4 of the Vaults.
You worshipped Gozag.
Gozag was extremely pleased with you.
You visited 10 branches of the dungeon, and saw 42 of its levels.
You also visited: Ossuary, Ice Cave and Volcano.

You collected 20403 gold pieces.
You spent 2875 gold pieces at shops.
You paid 482 gold pieces to Gozag.

Inventory:

Hand Weapons
 g - a +0 demon trident
 u - the +8 trident of the Octopus King (weapon) {venom, rElec rPois Will+}
   (You found it on level 6 of the Lair of Beasts)

   It poisons the flesh of those it strikes.
   rElec:     It insulates you from electricity.
   rPois:     It protects you from poison.
   Will:      It increases your willpower.
Missiles
 o - 6 javelins
 x - 5 silver javelins
 y - 27 boomerangs (quivered)
 Q - 2 boomerangs of dispersal
Armour
 e - a +2 pair of gloves (worn)
 p - a +0 pair of boots (worn)
 r - the +9 scales of the Dragon King (worn) {rPois rF+ rC+ Will+}
   (You bought it in a shop on level 2 of the Orcish Mines)

   rF:        It protects you from fire.
   rC:        It protects you from cold.
   rPois:     It protects you from poison.
   Will:      It increases your willpower.
 N - a +2 cloak of willpower (worn)
 T - the +1 helmet of Virtue (worn) {Harm rCorr Int+2}
   (You bought it in a shop on level 2 of the Orcish Mines)

   Int:       It affects your intelligence (+2).
   rCorr:     It protects you from acid and corrosion.
   Harm:      It increases damage dealt and taken.
 V - a +1 kite shield of cold resistance (worn)
Jewellery
 i - the ring of Pilodd {Contam rF+++ Str+6 Dex+3 Stlth+}
   (You found it on level 2 of the Lair of Beasts)

   [ring of strength]

   Str:       It affects your strength (+6).
   Dex:       It affects your dexterity (+3).
   rF:        It renders you almost immune to fire.
   Contam:    It causes magical contamination when unequipped.
   Stlth:     It makes you more stealthy.
 k - a +4 ring of slaying (left hand)
 l - the ring of Seuzoan {rPois rC++ Stlth+}
   (You found it on level 4 of the Swamp)

   [ring of poison resistance]

   rC:        It greatly protects you from cold.
   rPois:     It protects you from poison.
   Stlth:     It makes you more stealthy.
 D - a +4 ring of slaying (right hand)
 S - the amulet "Quowig Seme" (around neck) {+Inv rN++ Regen+ Slay+2 Stlth-}
   (You bought it in a shop on level 2 of the Dungeon)

   [amulet of regeneration]

   Slay:      It affects your accuracy & damage with ranged weapons and melee
   (+2).
   rN:        It greatly protects you from negative energy.
   +Inv:      It lets you turn invisible.
   Regen:     It increases your rate of health regeneration.
   Stlth:     It makes you less stealthy.
Wands
 b - a wand of mindburst (15)
 v - a wand of iceblast (7)
 w - a wand of polymorph (22)
 H - a wand of acid (4)
 L - a wand of digging (23)
 O - a wand of flame (109)
 P - a wand of paralysis (14)
Scrolls
 j - 5 scrolls of holy word
 m - 6 scrolls of immolation
 t - 7 scrolls of teleportation
 z - 10 scrolls of enchant armour
 A - 5 scrolls of magic mapping
 C - 3 scrolls of silence
 F - 8 scrolls of enchant weapon
 I - 4 scrolls of fog
 R - 8 scrolls of blinking
Potions
 a - 3 potions of invisibility
 d - 8 potions of might
 f - 3 potions of haste
 h - 7 potions of attraction
 q - 6 potions of brilliance
 s - 13 potions of ambrosia
 B - 5 potions of cancellation
 E - 12 potions of mutation
 G - 7 potions of flight
 K - 6 potions of resistance
 M - 2 potions of berserk rage
 U - 3 potions of heal wounds
 W - 6 potions of curing
 X - 9 potions of lignification
Miscellaneous
 c - a phial of floods
 n - a phantom mirror
 J - a condenser vane (inert)
 Y - a tin of tremorstones (inert)
 Z - a box of beasts


   Skills:
 + Level 17.4 Fighting
 + Level 23.8 Polearms
 - Level 14.1 Throwing
 + Level 12.3 Armour
 + Level 19.7 Dodging
 + Level 16.0 Shields
 + Level 15.5 Evocations


You had 21 spell levels left.
You didn't know any spells.
Your spell library contained the following spells:

 Spells                   Type           Power      Damage    Failure   Level
 Animate Skeleton         Necr           0%         N/A       100%        1
 Apportation              Tloc           0%         N/A       100%        1
 Beastly Appendage        Tmut           0%         N/A       100%        1
 Foxfire                  Conj/Fire      0%         2x1d4     100%        1
 Freeze                   Ice            0%         1d3       100%        1
 Magic Dart               Conj           0%         1d3       100%        1
 Pain                     Necr           0%         1d4       100%        1
 Shock                    Conj/Air       0%         1d3       100%        1
 Slow                     Hex            0%         N/A       100%        1
 Sting                    Tmut/Pois      0%         1d3       100%        1
 Summon Small Mammal      Summ           0%         N/A       100%        1
 Corpse Rot               Necr/Air       0%         N/A       100%        2
 Passwall                 Tmut/Erth      0%         N/A       100%        2
 Poisonous Vapours        Pois/Air       0%         N/A       100%        2
 Searing Ray              Conj           0%         2d4       100%        2
 Static Discharge         Conj/Air       0%         N/A       100%        2
 Sublimation of Blood     Necr           0%         N/A       100%        2
 Wereblood                Tmut           0%         N/A       100%        2
 Call Canine Familiar     Summ           0%         N/A       100%        3
 Confusing Touch          Hex            0%         N/A       100%        3
 Conjure Flame            Conj/Fire      0%         6-21      100%        3
 Frozen Ramparts          Ice            0%         1d2       100%        3
 Gell's Gravitas          Tloc           0%         N/A       100%        3
 Ignite Poison            Fire/Tmut/Pois 0%         N/A       100%        3
 Inner Flame              Hex/Fire       0%         N/A       100%        3
 Lesser Beckoning         Tloc           0%         N/A       100%        3
 Mephitic Cloud           Conj/Pois/Air  0%         N/A       100%        3
 Ozocubu's Armour         Ice            0%         N/A       100%        3
 Summon Guardian Golem    Hex/Summ       0%         N/A       100%        3
 Swiftness                Air            0%         N/A       100%        3
 Teleport Other           Tloc           0%         N/A       100%        3
 Vampiric Draining        Necr           0%         2d6       100%        3
 Airstrike                Air            0%         N/A       100%        4
 Animate Dead             Necr           0%         N/A       100%        4
 Flame Wave               Conj/Fire      0%         2d4       100%        4
 Fulminant Prism          Conj/Hex       0%         3d6       100%        4
 Hailstorm                Conj/Ice       0%         3d3       100%        4
 Olgreb's Toxic Radiance  Pois           0%         N/A       100%        4
 Petrify                  Tmut/Erth      0%         N/A       100%        4
 Summon Lightning Spire   Summ/Air       0%         N/A       100%        4
 Alistair's Intoxication  Tmut/Pois      0%         N/A       100%        5
 Fireball                 Conj/Fire      0%         3d3       100%        5
 Freezing Cloud           Conj/Ice/Air   0%         6-21      100%        5
 Irradiate                Conj/Tmut      0%         3d14      100%        5
 Iskenderun's Battlesphe  Conj           0%         2d6       100%        5
 Lightning Bolt           Conj/Air       0%         1d11      100%        5
 Metabolic Englaciation   Hex/Ice        0%         N/A       100%        5
 Summon Mana Viper        Hex/Summ       0%         N/A       100%        5
 Yara's Violent Unravell  Hex/Tmut       0%         3d3       100%        5
 Conjure Ball Lightning   Conj/Air       0%         3x3d6     100%        6
 Dispersal                Tloc           0%         N/A       100%        6
 Simulacrum               Ice/Necr       0%         N/A       100%        6
 Statue Form              Tmut/Erth      0%         N/A       100%        6
 Haunt                    Necr/Summ      0%         N/A       100%        7
 Orb of Destruction       Conj           0%         N/A       100%        7
 Spellforged Servitor     Conj/Summ      0%         N/A       100%        7
 Summon Hydra             Summ           0%         N/A       100%        7
 Disjunction              Tloc           0%         N/A       100%        8
 Infestation              Necr           0%         N/A       100%        8
 Maxwell's Capacitive Co  Air            0%         ∞         100%        8


Dungeon Overview and Level Annotations

Branches:
Dungeon (15/15)            Temple (1/1) D:7            Lair (6/6) D:11
  Swamp (4/4) Lair:2       Spider (4/4) Lair:4        Slime (0/5) Lair:6
    Orc (2/2) D:12            Elf (3/3) Orc:2        Vaults (4/5) D:14
  Crypt (0/3) Vaults:2     Depths (2/4) D:15           Hell (visited)
Ossuary (visited)           IceCv (visited)         Volcano (visited)
    Dis: Hell:1         Geh: Hell:1         Coc: Hell:1         Tar: Hell:1

Altars:
Ashenzari
Cheibriados
Dithmenos
Elyvilon
Fedhas
Gozag
Hepliaklqana
Kikubaaqudgha
Qazlal
Ru
Sif Muna
Trog
Uskayaw
Vehumet
Yredelemnul
Zin
The Shining One

Shops:
D:2 (!**?   D:10 **   Orc:2 :[[!   Elf:1 :   Elf:2 =   Vaults:3 (   Depths:2 [=

Portals:
Hell: Depths:1
Abyss: Depths:2
Ziggurat: Depths:1

Annotations:
Depths:1 2 transporters, Appipnyi's ghost, adept HOFi
Depths:2 2 runed translucent doors
Hell Geryon


Innate Abilities, Weirdness & Mutations

((You are quick and stealthy near water. (Stealth+, EV+, Speed+++)))
Your lower body shifts to a powerful aquatic tail in water.


Message History

The burst of rock shards engulfs the hell knight!
The burst of rock shards engulfs the peacekeeper but does no damage.
The burst of rock shards engulfs the hell knight.
You kill the hell knight!
The tin is emptied!
You hear a shout! x2
You block the hell knight's attack.
The peacekeeper bites you but does no damage.
You block the peacekeeper's attack.
The hell knight hits you with a +5 vorpal demon blade.
The peacekeeper closely misses you. The peacekeeper claws you!
* * * LOW HITPOINT WARNING * * *
Your Shields skill increases to level 16!
The peacekeeper completely misses you.
The peacekeeper claws you but does no damage.
Things that are here:
16 gold pieces; a +0 dire flail; a +0 ring mail Clouds of freezing vapour condense around you!
The condenser dries out!
The great orb of eyes is recalled.
The hell knight is recalled.
The yaktaur is recalled.
The yaktaur captain is recalled.
The deep troll is recalled.
The hell knight is engulfed in freezing vapours.
The hell knight hits you with a +5 vorpal demon blade.
* * * LOW HITPOINT WARNING * * *
x2 You block the peacekeeper's attack. x2
The yaktaur captain is engulfed in freezing vapours.
A hell knight comes into view.
It is wielding a +5 demon trident of flaming.
The hell knight gestures wildly while chanting.
The hell knight seems to speed up.
A great orb of eyes comes into view.
The yaktaur is engulfed in freezing vapours.
A yaktaur comes into view.
The hell knight is engulfed in freezing vapours.
The hell knight misses you.
The deep troll is engulfed in freezing vapours.
The peacekeeper bites you!!
* * * LOW HITPOINT WARNING * * *
The peacekeeper claws you!
You die...
Your body crumbles into a pile of gold.

#########
#..p§c§.######
$
#...cp#§#.....
#p9§'$....
#@#$#.....
#.G.# ###
#'''####
#......#
#......#
#......#
#......#
#......#
########
#..>...#
#.......


You could see a yaktaur captain, a great orb of eyes, 2 hell knights, an
ironbound convoker (catching breath), a peacekeeper (strong) and a yaktaur.

Vanquished Creatures
  A shard shrike (IceCv)
  Xtahua (Vaults:3)
  Nikola (Swamp:2)
  Arachne (Spider:1)
  A tentacled monstrosity (Swamp:2)
  A lich (D:15)
  A deep elf blademaster (Elf:3)
  2 deep elf master archers (Elf:3)
  Kirke (Swamp:2)
  3 sphinxes
  A shadow dragon (Elf:1)
  Gastronok (Lair:2)
  A tengu reaver (Depths:2)
  A storm dragon (Elf:1)
  The ghost of Hoebihum the Gloomy, an adept DsGl of Dithmenos (Elf:1)
  6 fenstrider witches
  Roxanne (Swamp:2)
  6 ghost moths
  6 deep elf sorcerers (Elf:3)
  5 vault wardens
  4 emperor scorpions
  3 frost giants
  2 ghouls (Swamp:4)
  Aizul (Vaults:3)
  3 fire giants
  2 war gargoyles (Vaults:3)
  The ghost of Quebbil the Bludgeoner, a journeyman GrFi of Okawaru (Spider:3)
  A deep elf elementalist (Elf:3)
  4 stone giants
  11 ironbound preservers
  A very ugly thing (Vaults:3)
  7 deep elf demonologists
  5 deep elf annihilators (Elf:3)
  2 vampire knights
  Nessos (Lair:4)
  2 eleionomae
  7 dire elephants
  2 spark wasps (Spider:4)
  2 entropy weavers (Spider:3)
  Azrael (D:12)
  A white draconian (IceCv)
  3 bunyips (Swamp:1)
  3 deep elf death magi (Elf:3)
  2 green deaths (Swamp:4)
  2 ettins (Depths:2)
  3 fire dragons
  Josephine (Lair:4)
  11 yaktaur captains
  A shambling mangrove (Swamp:3)
  8 great orbs of eyes
  The ghost of RBrandon the Reanimator, a journeyman DsAM (Lair:3)
  2 crystal guardians
  5 deep elf high priests
  The ghost of Atlas the Thaumaturge, a journeyman DjFE of Gozag (D:11)
  2 rakshasas
  A vault guard (D:14)
  3 peacekeepers
  3 catoblepae
  Fannar (Lair:1)
  2 boulder beetles
  3 ice dragons
  7 ironbound thunderhulks
  2 ghost crabs
  2 ogre magi
  12 centaur warriors
  18 hydras
  10 ironbound frosthearts
  2 spriggan air magi (Swamp:4)
  The ghost of oldriver the Thaumaturge, a journeyman DrCj of Vehumet (Lair:2)
  2 merfolk aquamancers
  13 two-headed ogres
  5 tengu warriors
  12 alligators
  6 orc high priests
  A spriggan berserker (Swamp:4)
  5 death yaks
  2 deep troll earth magi (Depths:1)
  2 deep troll shamans (Depths:1)
  3 vampire magi
  Sonja (Lair:3)
  3 soul eaters
  8 hell knights
  2 sun demons (Depths:1)
  A titan skeleton (Depths:2)
  Nergalle (Lair:1)
  24 deep elf knights
  A storm dragon zombie (Depths:2)
  A sixfirhy (Swamp:4)
  4 iron trolls (Depths:1)
  A goliath frog (Swamp:4)
  2 skeletal warriors (D:15)
  8 spriggan druids
  2 flayed ghosts (Depths:1)
  24 deep trolls
  A golden dragon zombie (D:15)
  7 bog bodies
  2 glowing orange brains
  15 deep elf archers
  An orange crystal statue (IceCv)
  4 phantasmal warriors
  2 swamp dragons
  Pikel (D:4)
  7 lindwurms
  16 ironbound convokers
  21 deep elf pyromancers
  10 wizards
  26 deep elf zephyrmancers
  6 necromancers
  3 orc knights (Orc:2)
  4 harpies (Vaults:3)
  18 orb spiders
  2 orc sorcerers
  20 wolf spiders
  33 ugly things
  A shadow dragon skeleton (D:15)
  3 cyclopes
  4 will-o-the-wisps
  A moth of wrath (Spider:4)
  4 manticores
  2 elephants (Lair:6)
  A frost giant skeleton (D:15)
  Joseph (D:7)
  3 torpor snails
  16 vault sentinels
  Maurice (D:8)
  9 black mambas
  A gargoyle (D:11)
  17 cane toads
  An unseen horror (D:13)
  A yaktaur zombie (Vaults:2)
  22 rime drakes
  A spriggan skeleton (D:15)
  16 demonic crawlers
  4 hellwings (Swamp:4)
  An efreet (D:15)
  12 komodo dragons
  2 tengu conjurers (D:14)
  34 yaktaurs
  A guardian mummy (D:15)
  4 trolls
  A meliai (shapeshifter) (D:13)
  23 polar bears
  3 meliai (Spider:3)
  3 burning bushes (Lair:6)
  17 hornets
  3 tyrant leeches
  A shadow dragon simulacrum (Depths:2)
  A queen bee (Spider:3)
  27 jumping spiders
  A spriggan zombie (Depths:2)
  14 slime creatures
  21 blink frogs
  7 dream sheep (Lair:6)
  A vampire (D:10)
  4 air elementals
  54 redbacks
  5 water elementals
  8 wraiths
  5 spriggans
  31 tarantellas
  3 fire bats (Lair:2)
  A shadow (D:6)
  A tarantella (shapeshifter) (Vaults:2)
  4 wyverns
  42 yaks
  3 hogs (Swamp:2)
  9 basilisks
  10 vampire mosquitoes
  4 chaos spawn (Swamp:4)
  An elf skeleton (Vaults:2)
  10 fire elementals
  Menkaure (D:4)
  16 swamp worms
  2 wargs
  22 water moccasins
  3 hell hounds (D:12)
  5 acid dragons
  2 swamp drakes (Swamp:4)
  44 orc warriors
  2 black bears
  6 ogres
  3 necrophages (D:5)
  2 human skeletons (Vaults:2)
  19 wolves
  9 centaurs
  2 lemures
  A phantom (D:6)
  5 elf zombies (Ossuary)
  21 bullfrogs
  A gnoll sergeant (D:8)
  3 scorpions
  A wyvern zombie (D:8)
  A water moccasin zombie (D:5)
  45 killer bees
  11 wights
  11 electric eels
  4 human zombies
  7 centaur zombies
  3 jellies
  2 hounds
  A gnoll shaman (D:5)
  31 orc priests
  A bullfrog skeleton (D:5)
  11 iguanas
  25 orc wizards
  Natasha (thrice) (D:3)
  A scorpion zombie (D:5)
  6 hell rats (Lair:2)
  2 hound zombies (D:5)
  4 mummies
  2 howler monkey zombies
  4 adders
  6 gnolls
  A shadow imp (D:7)
  A worm (D:3)
  2 dart slugs
  80 orcs
  5 ball pythons
  6 bats
  A bat skeleton (D:2)
  7 endoplasms
  2 giant cockroaches
  6 hobgoblins
  4 jackals (D:2)
  A kobold (D:3)
  A quokka (D:4)
  2 frilled lizards
  A giant cockroach zombie (D:2)
  4 goblins
  7 rats
1513 creatures vanquished.

Vanquished Creatures (collateral kills)
  Asterion (Spider:2)
  Donald (Vaults:3)
  An alligator (Swamp:1)
  2 skeletal warriors (D:15)
  An orb spider (Spider:2)
  An ugly thing (IceCv)
7 creatures vanquished.

Vanquished Creatures (others)
  A hydra (Swamp:4)
  A merfolk aquamancer (D:14)
  38 dancing weapons
  A deep elf archer (Elf:1)
  A deep elf zephyrmancer (Elf:2)
  An air elemental (Elf:1)
  A water elemental (Elf:1)
  4 foxfires (Swamp:4)
  49 fungi
  70 plants
  6 withered plants (D:15)
173 creatures vanquished.

Grand Total: 1693 creatures vanquished

Notes
Turn   | Place    | Note
-------+----------+-------------------------------------------
     0 | D:1      | bearlyready the Merfolk Fighter began the quest for the
                  | Orb.
     0 | D:1      | Reached XP level 1. HP: 18/18 MP: 1/1
   396 | D:1      | Reached skill level 4 in Polearms
   396 | D:1      | Reached XP level 2. HP: 24/24 MP: 2/2
   594 | D:2      | Found Donilisch's Distillery.
   621 | D:2      | Bought a potion of curing for 33 gold pieces
   640 | D:2      | Found Ixtet's General Store.
   762 | D:2      | Found Edidaeqo's Antique Weapon Boutique.
   941 | D:2      | Reached skill level 5 in Polearms
   941 | D:2      | Reached XP level 3. HP: 22/29 MP: 3/3
  1274 | D:2      | Found Gerhycab's Magic Scroll Emporium.
  1280 | D:2      | Bought a scroll of teleportation for 30 gold pieces
  1300 | D:2      | Found Xoiheaf's General Store.
  1439 | D:2      | Found a faded altar of an unknown god.
  1675 | D:3      | Reached skill level 6 in Polearms
  1697 | D:3      | Reached XP level 4. HP: 35/35 MP: 4/4
  1763 | D:3      | Found a glowing golden altar of the Shining One.
  1788 | D:3      | Found a bloodstained altar of Trog.
  1828 | D:3      | Noticed Natasha
  1833 | D:3      | Killed Natasha
  1857 | D:3      | Found a hide-covered altar of Uskayaw.
  1897 | D:3      | Found a hazy altar of Hepliaklqana.
  2008 | D:4      | Reached skill level 7 in Polearms
  2022 | D:4      | Noticed Menkaure
  2364 | D:5      | Entered Level 5 of the Dungeon
  2367 | D:5      | Reached XP level 5. HP: 38/41 MP: 5/5
  2591 | D:4      | Reached skill level 8 in Polearms
  2835 | D:5      | Reached skill level 9 in Polearms
  2835 | D:5      | Reached XP level 6. HP: 47/47 MP: 6/6
  2898 | D:5      | Noticed a water moccasin
  2905 | D:5      | Killed a water moccasin
  2906 | D:5      | Reached skill level 10 in Polearms
  3053 | D:5      | Noticed a necrophage
  3060 | D:5      | Killed a necrophage
  3061 | D:5      | Reached XP level 7. HP: 49/52 MP: 7/7
  3087 | D:5      | Reached skill level 11 in Polearms
  3103 | D:5      | Found an ancient bone altar of Kikubaaqudgha.
  3307 | D:5      | Reached skill level 12 in Polearms
  3377 | D:5      | Reached XP level 8. HP: 56/58 MP: 8/8
  3578 | D:5      | Reached skill level 13 in Polearms
  3640 | D:4      | Noticed Pikel
  3647 | D:3      | Noticed Natasha
  3664 | D:3      | Killed Natasha
  3832 | D:4      | Found an opulent altar of Gozag.
  3840 | D:4      | Became a worshipper of Gozag Ym Sagoz the Greedy
  3960 | D:4      | Killed Pikel
  3961 | D:4      | Reached skill level 14 in Polearms
  4313 | D:6      | Found a sand-covered staircase.
  4330 | Ossuary  | Entered an ossuary
  4345 | Ossuary  | Reached XP level 9. HP: 62/64 MP: 9/9
  4369 | Ossuary  | Reached skill level 15 in Polearms
  4589 | Ossuary  | Reached skill level 5 in Throwing
  4700 | D:6      | Found a shimmering blue altar of Sif Muna.
  4814 | D:6      | Found a sacrificial altar of Ru.
  4820 | D:6      | Found a broken altar of Ashenzari.
  5208 | D:6      | Noticed a troll
  5297 | D:6      | Found a snail-covered altar of Cheibriados.
  5570 | D:7      | Reached skill level 16 in Polearms
  5590 | D:7      | Found a staircase to the Ecumenical Temple.
  5743 | D:7      | Noticed Joseph
  5757 | D:7      | Killed Joseph
  6235 | D:7      | Reached XP level 10. HP: 70/70 MP: 10/10
  6608 | D:8      | Found a shadowy altar of Dithmenos.
  6658 | D:8      | HP: 1/70 [killer bee (8)]
  7047 | D:8      | Noticed Maurice
  7075 | D:8      | Reached skill level 17 in Polearms
  7298 | D:8      | Killed Maurice
  7621 | D:8      | Found a glowing silver altar of Zin.
  8804 | Temple   | Entered the Ecumenical Temple
  8993 | D:3      | Noticed Natasha
  8996 | D:3      | Killed Natasha
  9026 | D:2      | Bought a scroll of teleportation for 33 gold pieces
  9026 | D:2      | Bought the amulet "Quowig Seme" {+Inv rN++ Regen+ Slay+2
                  | Stlth-} for 676 gold pieces
  9080 | D:4      | Killed Menkaure
  9081 | D:4      | Reached skill level 1 in Dodging
  9362 | D:9      | Reached skill level 1 in Evocations
  9428 | D:9      | Identified the +4 chain mail of Vuetsoif {Drain rN+ SInv}
  9892 | D:9      | Reached skill level 18 in Polearms
  9901 | D:9      | Reached XP level 11. HP: 65/78 MP: 11/11
 10445 | D:10     | Entered Level 10 of the Dungeon
 10517 | D:10     | Reached skill level 5 in Fighting
 10645 | D:10     | Found a stormy altar of Qazlal.
 10773 | D:10     | Found Fialugau's General Store.
 10773 | D:10     | Found Ischifas's Specific Store.
 11159 | D:11     | Found a transporter.
 11160 | D:11     | Noticed Atlas's ghost (journeyman DjFE)
 11160 | D:11     | Noticed a two-headed ogre
 11161 | D:11     | Noticed a two-headed ogre
 11164 | D:11     | Identified the +1 giant spiked club of Bowneyrid {elec, rF+
                  | Will+ Str+5 Dex-4}
 11164 | D:11     | Noticed a two-headed ogre
 11164 | D:11     | Noticed a two-headed ogre
 11183 | D:11     | Noticed a phantasmal warrior
 11184 | D:11     | Noticed a death knight
 11343 | D:11     | Noticed a cyclops
 11365 | D:11     | Killed a cyclops
 11366 | D:11     | Reached skill level 5 in Dodging
 11366 | D:11     | Reached skill level 5 in Shields
 11379 | D:11     | Found a staircase to the Lair.
 11599 | D:12     | Noticed a two-headed ogre
 11644 | D:12     | Killed a two-headed ogre
 11690 | D:12     | Noticed a six-headed hydra
 11700 | D:12     | Killed a six-headed hydra
 11830 | D:12     | Noticed Azrael
 11965 | D:12     | Killed Azrael
 12089 | D:12     | Reached XP level 12. HP: 86/89 MP: 12/12
 12213 | D:12     | Reached skill level 5 in Evocations
 12216 | D:12     | Found a staircase to the Orcish Mines.
 12325 | D:12     | Found a radiant altar of Vehumet.
 12692 | D:13     | Noticed a two-headed ogre
 12702 | D:13     | Killed a two-headed ogre
 13110 | D:13     | Found a white marble altar of Elyvilon.
 13147 | D:13     | Identified a scroll of acquirement
 13164 | D:13     | Noticed a six-headed hydra
 13174 | D:13     | Killed a six-headed hydra
 13211 | D:13     | Acquired 380 gold pieces
 13533 | D:14     | Found a blossoming altar of Fedhas.
 13579 | D:14     | Noticed a centaur warrior
 13588 | D:14     | Killed a centaur warrior
 13683 | D:14     | Noticed a merfolk aquamancer
 13683 | D:14     | Noticed a merfolk aquamancer
 13778 | Lair:1   | Entered Level 1 of the Lair of Beasts
 14015 | Lair:1   | Noticed a seven-headed hydra
 14025 | Lair:1   | Killed a seven-headed hydra
 14108 | Lair:1   | Noticed a five-headed hydra
 14116 | Lair:1   | Reached skill level 5 in Armour
 14135 | Lair:1   | Killed a five-headed hydra
 14598 | Lair:1   | Noticed Nergalle
 14611 | Lair:1   | Killed Nergalle
 14638 | Lair:1   | Noticed Fannar
 14653 | Lair:1   | Killed Fannar
 14654 | Lair:1   | Reached XP level 13. HP: 82/99 MP: 4/13
 14966 | Lair:2   | Found a dark tunnel.
 14975 | Volcano  | Entered a volcano
 14994 | Volcano  | Found a burning altar of Makhleb.
 15384 | Lair:2   | Identified the ring of Pilodd {Contam rF+++ Str+6 Dex+3
                  | Stlth+}
 15514 | Lair:2   | Reached skill level 10 in Dodging
 15670 | Lair:2   | Noticed Gastronok
 15908 | Lair:2   | Killed Gastronok
 16165 | Lair:2   | Found a large runed translucent door.
 16165 | Lair:2   | Found a large runed translucent door.
 16166 | Lair:2   | Noticed oldriver's ghost (journeyman DrCj)
 16417 | Lair:2   | Found a staircase to the Swamp.
 16616 | Lair:3   | Found a transporter.
 16619 | Lair:3   | Noticed RBrandon's ghost (journeyman DsAM)
 16626 | Lair:3   | Found a transporter.
 16989 | Lair:3   | Reached skill level 10 in Fighting
 16990 | Lair:3   | Noticed Sonja
 16996 | Lair:3   | Killed Sonja
 17008 | Lair:3   | Reached XP level 14. HP: 88/110 MP: 4/14
 18147 | Lair:4   | Found a hole to the Spider Nest.
 18430 | Lair:4   | Noticed Nessos
 18444 | Lair:4   | Killed Nessos
 18908 | Lair:4   | Noticed Josephine
 18917 | Lair:4   | Killed Josephine
 19066 | Spider:1 | Entered Level 1 of the Spider Nest
 19316 | Lair:5   | Reached skill level 10 in Shields
 20016 | Lair:5   | Identified the amulet of Cueresyt {Acrobat rElec Dex+2}
 20180 | Lair:6   | Entered Level 6 of the Lair of Beasts
 20302 | Lair:6   | Reached XP level 15. HP: 116/119 MP: 5/15
 20718 | Lair:6   | Found the +8 trident of the Octopus King {venom, rElec
                  | rPois Will+}
 20927 | Lair:6   | Found a staircase to the Slime Pits.
 21029 | Lair:6   | Reached skill level 10 in Evocations
 21558 | Lair:6   | HP: 6/120 [poison (poison gas)]
 21563 | Lair:6   | HP: 6/120 [poison (poison gas)]
 22669 | Lair:3   | Killed RBrandon's ghost
 22685 | Lair:3   | Identified the +9 mace of Contention {antimagic, +Blink
                  | rF+}
 22741 | Lair:2   | Killed oldriver's ghost
 24077 | D:14     | Found a gate to the Vaults.
 24158 | D:15     | Entered Level 15 of the Dungeon
 24189 | D:15     | Found a frozen archway.
 24216 | IceCv    | Entered an ice cave
 24474 | IceCv    | Reached XP level 16. HP: 125/127 MP: 16/16
 24891 | IceCv    | Reached skill level 10 in Throwing
 25052 | IceCv    | Noticed a shard shrike
 25069 | IceCv    | Killed a shard shrike
 25405 | D:15     | Reached skill level 19 in Polearms
 25967 | D:15     | Found a staircase to the Depths.
 26282 | Orc:1    | Entered Level 1 of the Orcish Mines
 26572 | Orc:2    | Entered Level 2 of the Orcish Mines
 26692 | Orc:2    | Found a staircase to the Elven Halls.
 27424 | Orc:2    | Found Unastruj's Book Shop.
 27427 | Orc:2    | Found Raffiade's Armour Shop.
 27428 | Orc:2    | Found Voehao's Distillery.
 27429 | Orc:2    | Found Amass's Armour Boutique.
 27432 | Orc:2    | Bought a potion of haste for 140 gold pieces
 27439 | Orc:2    | Bought the +9 scales of the Dragon King {rPois rF+ rC+
                  | Will+} for 1622 gold pieces
 27439 | Orc:2    | Found the +9 scales of the Dragon King {rPois rF+ rC+
                  | Will+}
 27439 | Orc:2    | Bought the +1 helmet of Virtue {Harm rCorr Int+2} for 341
                  | gold pieces
 27735 | D:11     | Found a transporter.
 27935 | D:11     | Killed Atlas's ghost
 27936 | D:11     | Reached XP level 17. HP: 112/124 MP: 17/17
 28065 | Swamp:1  | Entered Level 1 of the Swamp
 28986 | Swamp:2  | Noticed a tentacled monstrosity
 28999 | Swamp:2  | Killed a tentacled monstrosity
 29051 | Swamp:2  | Noticed Nikola
 29061 | Swamp:2  | HP: 6/137 [Nikola/arc of chain lightning (94)]
 29078 | Swamp:2  | Killed Nikola
 29323 | Swamp:2  | Identified Roxanne's Guide on Transmutation
 29323 | Swamp:2  | Noticed Roxanne
 29371 | Swamp:2  | Reached skill level 15 in Dodging
 29394 | Swamp:2  | Killed Roxanne
 29561 | Swamp:2  | Noticed Kirke
 29577 | Swamp:2  | Killed Kirke
 29906 | Swamp:3  | Acquired 710 gold pieces
 30232 | Swamp:4  | Entered Level 4 of the Swamp
 30417 | Swamp:4  | Reached skill level 20 in Polearms
 31071 | Swamp:4  | Identified the ring of Seuzoan {rPois rC++ Stlth+}
 31104 | Swamp:4  | Reached XP level 18. HP: 145/145 MP: 18/18
 31594 | Swamp:4  | Got a decaying rune of Zot
 32305 | Spider:1 | Identified the -2 buckler of Okawaru {Str+5 Int-5}
 32702 | Spider:2 | Noticed Arachne
 32734 | Spider:1 | Killed Arachne
 33076 | Spider:2 | Identified the +9 halberd "Athoxtel" {venom, rC- Str+4
                  | Int+4}
 33119 | Spider:2 | Noticed Asterion
 33128 | Spider:2 | Killed Asterion
 33129 | Spider:2 | Reached skill level 10 in Armour
 33617 | Spider:3 | Found a runed translucent door.
 33848 | Spider:3 | Noticed Quebbil's ghost (journeyman GrFi)
 34063 | Spider:3 | Identified the amulet "Waphidox" {Reflect Int+2 SH+5}
 34307 | Spider:3 | Killed Quebbil's ghost
 34331 | Spider:4 | Entered Level 4 of the Spider Nest
 34521 | Spider:4 | Reached XP level 19. HP: 153/153 MP: 19/19
 34678 | Spider:4 | Reached skill level 21 in Polearms
 35327 | Spider:4 | Got a gossamer rune of Zot
 35809 | Elf:1    | Entered Level 1 of the Elven Halls
 35867 | Elf:1    | Found Vongeimm's Book Shop.
 35978 | Elf:1    | Found a runed translucent gate.
 35980 | Elf:1    | Found a runed translucent gate.
 35981 | Elf:1    | Found a runed translucent gate.
 35981 | Elf:1    | Noticed Hoebihum's ghost (adept DsGl)
 36367 | Elf:1    | Paralysed by an air elemental for 1 turns
 36370 | Elf:1    | Paralysed by an air elemental for 1 turns
 36391 | Elf:1    | Reached skill level 15 in Fighting
 36483 | Elf:1    | Found a runed translucent gate.
 36483 | Elf:1    | Found a runed translucent gate.
 36483 | Elf:1    | Found a runed translucent gate.
 36483 | Elf:1    | Found a runed translucent gate.
 36483 | Elf:1    | Found a runed translucent gate.
 36489 | Elf:1    | Found a runed translucent gate.
 36912 | Elf:1    | Killed Hoebihum's ghost
 36950 | Elf:1    | Identified the +0 pair of gloves "Dogaze" {rC+ Regen+ Str-2
                  | Int+2}
 37083 | Elf:2    | Found a runed translucent gate.
 37083 | Elf:2    | Found a runed translucent gate.
 37181 | Elf:2    | Paralysed by an air elemental for 1 turns
 37420 | Elf:2    | Found Moudy's Jewellery Emporium.
 37558 | Elf:2    | Found a runed translucent gate.
 37747 | Elf:3    | Entered Level 3 of the Elven Halls
 37789 | Elf:3    | Noticed an Ice Fiend
 37794 | Elf:3    | Reached XP level 20. HP: 159/163 MP: 20/20
 38142 | Elf:3    | Reached skill level 22 in Polearms
 38263 | Elf:3    | Got Sif Muna's Incunabulum of Enchantment and Lightness
 38539 | Elf:3    | Identified the ring "Eshoig" {Wiz rElec rF+++ rC- Int+3}
 39682 | Depths:1 | Entered Level 1 of the Depths
 40026 | Depths:1 | Found a gateway to Hell.
 40108 | Depths:1 | Noticed a juggernaut
 40113 | Depths:1 | Found a gateway to a ziggurat.
 40118 | Depths:1 | Noticed a juggernaut
 40119 | Depths:1 | Noticed Appipnyi's ghost (adept HOFi)
 40122 | Depths:1 | Found a transporter.
 40308 | Depths:1 | Reached XP level 21. HP: 171/171 MP: 21/21
 40599 | Depths:1 | Found a transporter.
 40604 | Depths:1 | Found a bloodstained altar of Trog.
 40728 | Hell     | Entered the Vestibule of Hell
 40728 | Hell     | Noticed Geryon
 40823 | Depths:2 | Found a one-way gate to the infinite horrors of the Abyss.
 40961 | Depths:2 | Found Fuusoj's Antique Armour Shop.
 41079 | Depths:2 | Found a runed translucent door.
 41079 | Depths:2 | Found a runed translucent door.
 41253 | Depths:2 | Noticed a juggernaut
 41268 | Depths:2 | Found Serakh's Jewellery Emporium.
 41385 | Vaults:1 | Entered Level 1 of the Vaults
 41576 | Vaults:1 | Reached skill level 15 in Shields
 42968 | Vaults:2 | Acquired 747 gold pieces
 43097 | Vaults:2 | Reached skill level 23 in Polearms
 43582 | Vaults:2 | Found a staircase to the Crypt.
 43582 | Vaults:2 | Found a basalt altar of Yredelemnul.
 43583 | Vaults:2 | Found an ancient bone altar of Kikubaaqudgha.
 43781 | Vaults:2 | Reached skill level 15 in Evocations
 44432 | Vaults:3 | Reached XP level 22. HP: 160/180 MP: 22/22
 44666 | Vaults:3 | Noticed Aizul
 44673 | Vaults:3 | Killed Aizul
 44776 | Vaults:3 | Noticed Donald
 44802 | Vaults:3 | Killed Donald
 45096 | Vaults:3 | Noticed Xtahua
 45117 | Vaults:3 | Killed Xtahua
 45426 | Vaults:3 | Found Serch's Antique Weapon Boutique.
 45629 | Vaults:3 | Identified the +3 leather armour "Moyvad" {Dex+3}
 46016 | Vaults:4 | Slain by a peacekeeper

Illustrated notes

Levels and vault maps discovered:
D:1:      minmay_arrival_doors, layout_loops_ring
D:2:      layout_basic, chequers_ecumenical_altar_grove, serial_shops,
          nicolae_shop_hallway_stairs, nicolae_lakefront_shop, shop_fountains,
          shop, nicolae_shop_hallway_plus, serial_undead, serial_undead_d,
          serial_undead_d, serial_undead_e, serial_undead_d, patterned_corridor
D:3:      layout_basic, overflow_temple_1_default, nzn_hepliaklqana_mist_gate,
          mainiacjoe_overflow_big_doors, uniq_natasha
D:4:      layout_basic, lemuel_coloured_pillars_altar, uniq_menkaure, uniq_pikel
D:5:      layout_loops_ring, lemuel_mausoleum_altar_kikubaaqudgha
D:6:      layout_loops_corners, lemuel_crystal_altar, cheibriados_altar_1,
          mainiacjoe_overflow_catwalk_spiral,
          lightli_ossuary_entry_decrepit_ruins, lightli_corner_chamber
D:7:      layout_basic, minmay_temple_entry_statues_fountains,
          roderic_lattice_a, uniq_joseph
D:8:      layout_loops_corners, lemuel_round_altar, zin_academy, nrook_campfire,
          uniq_maurice
D:9:      layout_stronghold
D:10:     layout_basic, mainiacjoe_overflow_boulevard, nicolae_specific_store
D:11:     layout_loops_corners, due_lair_maze_entry_diamond,
          gammafunk_ghost_smash, minmay_fractal_squares_gapless_5
D:12:     layout_irregular_city, erik_orc_2, nicolae_vehumet_radiance,
          uniq_azrael
D:13:     layout_roguey, elyvilon_altar_5
D:14:     layout_stronghold, david_vaults_5, fedhas_altar_4,
          nicolae_splish_splash
D:15:     gammafunk_depths_entry_grave, layout_cave_pools,
          portal_ice_cave_entry_dragon, dk_noncrumbling_4,
          palyth_stone_intersect
Temple:   nicolae_temple_figure_zero
Lair:1:   layout_loops_ring, st_stairs_12, chequers_serial_rivers_small_3,
          beast_lair_carwin_8, grunt_megastairs_1, infiniplex_staircase_pool,
          serial_bayou_shore_a, uniq_nergalle, uniq_fannar
Lair:2:   layout_chaotic_city, nicolae_swamp_entry_splash_gauntlet,
          nicolae_volcano_entry_batcave, ebering_ghost_disaster_area,
          uniq_gastronok
Lair:3:   layout_chaotic_city, gammafunk_ghost_arena,
          infiniplex_staircase_pool_2, uniq_sonja
Lair:4:   layout_regular_city, spider_nest_entry_webs, minmay_shattered_shrine,
          uniq_josephine, uniq_nessos
Lair:5:   layout_cellular_growth, serial_bayou_shore_b
Lair:6:   guppyfry_lair_end_dragon, layout_cave_pods, hangedman_lair_in_review,
          nicolae_slime_entry_slimehenge, evilmike_ambush
          [evilmike_ambush_outer_basic, evilmike_ambush_inner_wall_2]
Swamp:1:  layout_falls_marsh, hangedman_swamp_lotus
Swamp:2:  nicolae_swamp_tree_isthmus, layout_basic_swamp,
          evilmike_swamp_ruin_house_3, uniq_kirke, uniq_roxanne, uniq_nikola
Swamp:3:  layout_basic_swamp, evilmike_swamp_ruin_house_5, swamp_pool1
Swamp:4:  nzn_swamp_witches_coven, layout_basic_swamp, ldierk_geyser,
          swamp_pool5, nicolae_swamp_hydra_murder_den
Spider:1: layout_spider_delve
Spider:2: layout_spider_delve, drop_trap, nicolae_spider_stair_cavern,
          uniq_arachne, uniq_asterion
Spider:3: layout_spider_delve, ebering_ghost_reflecting_pool, special_room
          [special_room_bee], spiders_nest_the_unseen
Spider:4: spider_rune_water
Orc:1:    layout_caves, mines2_david
Orc:2:    st_orc_pillars, layout_diamond_mine
Elf:1:    layout_gridlike, serial_shops, nicolae_shop_statue_plus,
          gammafunk_ghost_tricky_traps, orc_legates
Elf:2:    elven_hall_of_blades_hangedman_original [nicolae_blade_lattice],
          layout_rooms, serial_shops, shop
Elf:3:    grunt_elf_hall_spiral, layout_geoelf_diagonals,
          hangedman_elven_crosses_minicolossus
Vaults:1: hangedman_vaults_corner_blocks, nicolae_vaults_network_quincunx
          [nicolae_vaults_network_quincunx_subvault,
          nicolae_vaults_network_quincunx_subvault,
          nicolae_vaults_network_quincunx_subvault,
          nicolae_vaults_network_quincunx_subvault,
          nicolae_vaults_network_quincunx_subvault], vaults_room_semicircle,
          ontoclasm_vaults_decontamination, layout_vaults_omnigrid
Vaults:2: ontoclasm_vaults_hangar, minmay_crypt_entry_necro_gods,
          ontoclasm_vaults_ring_square, v_pattern_3, st_star, vaults_dpeg_ring,
          v_rooms_6, hangedman_vaults_corner_blocks, v_alt_pattern_6,
          vaults_mumra_chevron, layout_vaults_omnibox
Vaults:3: v_rooms_3, v_misc_10, v_alt_pattern_3, nicolae_vaults_sealed_display,
          v_pattern_1, vaults_room_grunt_arrival_ludios,
          nicolae_vaults_triangles, st_smaller_cells, vaults_room_pool,
          vaults_dpeg_cross, ontoclasm_vaults_ring_square,
          vaults_dpeg_encased_lava, layout_vaults_maze_bifur, serial_shops,
          nicolae_square_shop, uniq_xtahua, uniq_aizul, uniq_donald
Vaults:4: hangedman_vaults_cutoff, v_misc_24, dpeg_vaults_waves, v_misc_28,
          vaults_room_pools, ontoclasm_vaults_loading_screen,
          nicolae_vaults_shelves_hall, nicolae_vaults_little_squares_6,
          v_misc_8, dpeg_vaults_monster_box, layout_vaults_ring, serial_shops,
          nicolae_shop_hallway_stairs, uniq_margery
Depths:1: nicolae_cairo_tiling_large_dashed, layout_gridville, enter_ziggurat_a,
          chequers_jeans, gammafunk_ghost_wrathful_warriors, hell_entry,
          minmay_misc_feat_secret_circle, kennysheep_doodads,
          grunt_ministairs_2, serial_sigils_hangedman_snap
Depths:2: minmay_the_grid_triangle_9x9_rhombus_thin
          [minmay_the_grid_triangle_9x9_alien,
          minmay_the_grid_triangle_9x9_prize_top_heavy,
          minmay_the_grid_triangle_9x9_corruption,
          minmay_the_grid_triangle_9x9_tough_junction], layout_gridlike,
          grunt_mini_vestibule, abyss_entry, serial_shops,
          nicolae_shop_advertising_works [nicolae_subvault_shop_adworks],
          shop_statue, nicolae_shop_hallway_stairs, shop,
          rand_demon_pan_entry_7, uniq_bai_suzhen
Hell

Skill      XL: |  1  2  3  4  5  6  7  8  9 10 11 12 13 14 15 16 17 18 19 20 21 22 |
---------------+-------------------------------------------------------------------+-----
Polearms       | 4 5 6 7 9 10 12 14 16 18 19 20 21 22 23 | 23.8
Throwing       | 3 6 8 9 10 11 12 13 14 | 14.1
Dodging        | 3 6 9 10 12 13 14 15 16 17 18 19 | 19.7
Fighting       | 4 6 8 10 11 12 13 14 15 16 17 | 17.4
Evocations     | 2 4 6 8 9 10 11 12 13 14 15 | 15.5
Shields        | 4 6 7 9 10 11 12 13 14 15 16 | 16.0
Armour         | 3 5 6 7 8 9 10 11 12 | 12.3

Action                   |  1- 3 |  4- 6 |  7- 9 | 10-12 | 13-15 | 16-18 | 19-21 | 22-24 || total
-------------------------+-------+-------+-------+-------+-------+-------+-------+-------++-------
Melee: Trident           |   101 |    74 |   321 |   849 |  1413 |  1655 |  1442 |   301 ||  6156
       Tailslap          |       |       |       |     3 |    12 |    29 |     1 |       ||    45
Throw: Throwing net      |       |     1 |       |       |     1 |       |       |       ||     2
       Dart              |       |       |     9 |    54 |    21 |    14 |     5 |       ||   103
       Boomerang         |       |       |       |     7 |    18 |    44 |     7 |     9 ||    85
       Javelin           |       |       |       |       |       |     5 |     6 |       ||    11
Invok: Potion Petition   |       |       |       |       |       |     1 |       |       ||     1
Evoke: Wand              |       |       |       |     3 |    12 |     9 |     6 |     2 ||    32
       Condenser vane    |       |       |       |     1 |     3 |     3 |     3 |     1 ||    11
       Tin of tremorston |       |       |       |       |     3 |     9 |    13 |     4 ||    29
       Box of beasts     |       |       |       |       |     1 |     4 |     1 |       ||     6
       Phial of floods   |       |       |       |       |       |       |     1 |       ||     1
       Phantom mirror    |       |       |       |       |       |       |       |     1 ||     1
  Use: Scroll            |       |     1 |     8 |    14 |     6 |     7 |     6 |       ||    42
       Potion            |       |       |       |    12 |     3 |     6 |       |       ||    21
 Stab: Held in net/web   |       |     1 |       |       |     1 |       |       |       ||     2
       Invisible         |       |       |       |     8 |       |       |       |       ||     8
       Distracted        |       |       |       |     5 |    10 |    13 |     8 |     3 ||    39
       Paralysed         |       |       |       |       |    14 |       |       |       ||    14
       Petrified         |       |       |       |       |     3 |       |       |       ||     3
       Petrifying        |       |       |       |       |     1 |       |       |       ||     1
Armor: Scale mail        |    57 |    22 |    43 |       |       |       |       |       ||   122
       Ice dragon scales |       |       |     6 |   152 |       |       |       |       ||   158
       Chain mail        |       |       |       |    91 |   370 |    93 |       |       ||   554
       Gold dragon scale |       |       |       |       |       |   643 |   583 |    54 ||  1280
Dodge: Dodged            |    44 |    28 |    46 |   249 |   373 |   414 |   259 |    43 ||  1456
Block: Buckler           |    14 |    10 |    36 |   154 |    42 |       |       |       ||   256
       Kite shield       |       |       |       |       |   379 |   749 |   610 |   123 ||  1861

Table legend: (Time is in decaauts)
 A = Elapsed time spent in this place.
 B = Non-inter-level travel time spent in this place.
 C = Inter-level travel time spent in this place.
 D = Time resting spent in this place.
 E = Time spent auto-exploring this place.
 F = Levels seen in this place.
 G = Mean time per level.
                   A        B        C        D        E       F      G
               +--------+--------+--------+--------+--------+-----+--------+
         Total |  43458 |  40358 |   3100 |   2794 |  27402 |  45 |  965.7 |
       Dungeon |  16149 |  14595 |   1554 |   1288 |  10431 |  15 | 1076.6 |
        Temple |      1 |      1 |      0 |      0 |      0 |   1 |    1.0 |
          Lair |   8476 |   7782 |    694 |    524 |   5280 |   6 | 1412.7 |
         Swamp |   3124 |   2990 |    134 |    291 |   1763 |   4 |  781.0 |
   Spider Nest |   3581 |   3472 |    109 |    271 |   2256 |   4 |  895.2 |
  Orcish Mines |   1262 |   1210 |     52 |     44 |    749 |   2 |  631.0 |
   Elven Halls |   3506 |   3330 |    176 |    276 |   2039 |   3 | 1168.7 |
        Vaults |   4316 |   4053 |    263 |     53 |   3006 |   4 | 1079.0 |
        Depths |   1412 |   1296 |    116 |      0 |    912 |   2 |  706.0 |
          Hell |      5 |      5 |      0 |      0 |      0 |   1 |    5.0 |
       Ossuary |    325 |    325 |      0 |      0 |    214 |   1 |  325.0 |
      Ice Cave |    942 |    942 |      0 |     46 |    579 |   1 |  942.0 |
       Volcano |    353 |    353 |      0 |      0 |    171 |   1 |  353.0 |
               +--------+--------+--------+--------+--------+-----+--------+

Top non-repeatable levels by time:
     D:8: 2295 daAuts
  Lair:6: 2099 daAuts
  Lair:4: 1664 daAuts
  Lair:2: 1506 daAuts
Vaults:1: 1448 daAuts
   Elf:1: 1362 daAuts
Vaults:3: 1322 daAuts
     D:5: 1299 daAuts
    D:12: 1291 daAuts
Vaults:2: 1271 daAuts
    D:11: 1268 daAuts
     D:9: 1234 daAuts
    D:14: 1220 daAuts
  Lair:5: 1116 daAuts
     D:7: 1085 daAuts
